 Dungeon Crawl Stone Soup version 0.29.0-13-gc9e81de378 (webtiles) character file.

Game seed: 13947790357705549489

19560 gelatine the Protected (level 12, 0/112 HPs)
             Began as a Minotaur Fighter on Sept 7, 2022.
             Slain by a ghost moth (12 damage)
             ... on level 2 of the Spider Nest.
             The game lasted 00:31:35 (13320 turns).

gelatine the Protected (Minotaur Fighter)          Turns: 13320, Time: 00:31:35

Health: 0/112      AC: 22    Str: 24 (26) XL:     12   Next: 37%
Magic:  1/11       EV: 10    Int:  3 (5)  God:
Gold:   783        SH:  5    Dex:  7 (10) Spells: 11/11 levels left

rFire   + . .      SeeInvis .   C - +6 shillelagh "Devastator" {shatter}
rCold   . . .      Faith    .   c - +0 buckler
rNeg    + . .      Spirit   .   l - +0 chain mail
rPois   +          Reflect  .   (helmet restricted)
rElec   .          Harm     .   p - +2 cloak
rCorr   .          Rampage  .   H - +1 pair of gloves of Riemobli {-Cast rF+ rN+ Regen+}
Will    .....      NoCast   +   (no boots)
Stlth   ..........              (no amulet)
HPRegen 1.08/turn               u - ring of poison resistance
MPRegen 0.12/turn               W - +4 ring of protection

@: about to teleport
A: horns 2, retaliatory headbutt
a: no special abilities


You were on level 2 of the Spider Nest.
You visited 3 branches of the dungeon, and saw 15 of its levels.

You collected 783 gold pieces.

Inventory:

Hand Weapons
 C - the +6 shillelagh "Devastator" (weapon) {shatter}
   (You found it on level 6 of the Dungeon)

   It releases a powerful concussive burst when it strikes, dealing extra damage
   to the target and all other foes adjacent to them.
 E - the +9 dagger "Syclypua" {pain, rPois Will++ Int-4 Stlth+}
   (You found it on level 6 of the Dungeon)

   In the hands of one skilled in necromantic magic, it inflicts extra damage on
   living creatures.
   Int:       It affects your intelligence (-4).
   rPois:     It protects you from poison.
   Will:      It greatly increases your willpower.
   Stlth:     It makes you more stealthy.
 K - a +0 broad axe
Missiles
 I - 12 poisoned darts (quivered)
 J - a throwing net
 L - 2 javelins
 O - 5 silver javelins
 R - 5 boomerangs
 X - 4 curare-tipped darts
Armour
 c - a +0 buckler (worn)
 l - a +0 chain mail (worn)
 p - a +2 cloak (worn)
 x - a scarf of resistance
 H - the +1 pair of gloves of Riemobli (worn) {-Cast rF+ rN+ Regen+}
   (You found it on level 7 of the Dungeon)

   rF:        It protects you from fire.
   rN:        It protects you from negative energy.
   -Cast:     It prevents spellcasting.
   Regen:     It increases your rate of health regeneration.
 Q - a +2 ring mail of fire resistance
 T - a +0 troll leather armour
Magical Staves
 y - a staff of poison
Jewellery
 a - a ring of fire
 b - a ring of flight
 u - a ring of poison resistance (left hand)
 W - a +4 ring of protection (right hand)
Wands
 m - a wand of light (2)
 A - a wand of charming (4)
 N - a wand of digging (7)
 P - a wand of polymorph (7)
 Y - a wand of flame (8)
Scrolls
 n - a scroll of blinking
 q - 3 scrolls of fear
 r - 4 scrolls of enchant weapon
 B - a scroll of brand weapon {unknown}
 D - 2 scrolls of enchant armour {unknown}
 F - 9 scrolls of teleportation
 G - a scroll of silence {unknown}
 S - a scroll of magic mapping {unknown}
 V - a scroll of amnesia {unknown}
Potions
 d - 2 potions of might
 e - 2 potions of cancellation {unknown}
 f - a potion of attraction {unknown}
 g - 2 potions of ambrosia {unknown}
 h - 3 potions of haste
 i - a potion of resistance {unknown}
 k - 4 potions of curing
 o - 3 potions of mutation {unknown}
 t - 3 potions of lignification
 w - a potion of flight {unknown}
 z - 3 potions of berserk rage {unknown}
 M - 2 potions of heal wounds {unknown}
 Z - 2 potions of magic {unknown}


   Skills:
 * Level 12.0 Fighting
 + Level 7.0(9.9) Axes
 + Level 10.8(11.6) Maces & Flails
 + Level 4.5 Throwing
 + Level 13.1 Armour
 + Level 6.7 Dodging
 + Level 1.4 Stealth
 + Level 9.3 Shields
 + Level 0.2 Evocations


You had 11 spell levels left.
You didn't know any spells.
Your spell library contained the following spells:

 Spells                   Type           Power      Damage    Failure   Level
 Foxfire                  Conj/Fire      0%         2x1d4     98%         1
 Freeze                   Ice            0%         1d3       98%         1
 Sting                    Tmut/Pois      0%         1d3       98%         1
 Poisonous Vapours        Pois/Air       0%         N/A       99%         2
 Static Discharge         Conj/Air       0%         3-3/arc   99%         2
 Dazzling Flash           Conj/Hex       0%         N/A       100%        3
 Frozen Ramparts          Ice            0%         1d1       100%        3
 Animate Dead             Necr           0%         N/A       100%        4
 Flame Wave               Conj/Fire      0%         2d4       100%        4
 Hailstorm                Conj/Ice       0%         3d3       100%        4
 Leda's Liquefaction      Hex/Erth       0%         N/A       100%        4
 Olgreb's Toxic Radiance  Pois           0%         N/A       100%        4
 Petrify                  Tmut/Erth      0%         N/A       100%        4
 Summon Lightning Spire   Summ/Air       0%         N/A       100%        4
 Agony                    Necr           0%         N/A       100%        5
 Borgnjor's Vile Clutch   Necr/Erth      0%         N/A       100%        5
 Lee's Rapid Deconstruct  Erth           0%         3d5*      100%        5
 Metabolic Englaciation   Hex/Ice        0%         N/A       100%        5
 Silence                  Hex/Air        0%         N/A       100%        5
 Conjure Ball Lightning   Conj/Air       0%         3x3d6     100%        6
 Death Channel            Necr           0%         N/A       100%        6
 Statue Form              Tmut/Erth      0%         N/A       100%        6
 Storm Form               Tmut/Air       0%         N/A       100%        7
 Discord                  Hex            0%         N/A       100%        8
 Disjunction              Tloc           0%         N/A       100%        8
 Maxwell's Capacitive Co  Air            0%         ∞         100%        8


Dungeon Overview and Level Annotations

Branches:
Dungeon (11/15)            Temple (0/1) D:7            Lair (2/5) D:9
 Spider (2/4) Lair:2          Orc (0/2) D:9
  Swamp: Lair:2-3    Shoals: Lair:2-3

Altars:
Ashenzari
Cheibriados
Gozag
Hepliaklqana
Makhleb
Nemelex Xobeh
Okawaru
Qazlal
Sif Muna
Trog
Uskayaw
Xom
Yredelemnul
Zin
The Shining One

Shops:
D:7 (

Annotations:
D:10 exclusion: orange crystal statue


Innate Abilities, Weirdness & Mutations

You have a pair of horns on your head.
You reflexively headbutt those who attack you in melee.


Message History

You sock something!
The meliai shudders.
You kill the meliai!
Something hits you. Something hits you but does no damage.
Something stings you.
You hit something but do no damage. Your headbutt misses something.
Something hits you but does no damage. Something hits you!
You feel weakened.
Something stings you but does no damage.
You hit something. Your headbutt misses something. Something hits you!
You feel dopey. Something completely misses you. Something stings you!
* * * LOW HITPOINT WARNING * * *
You can't see any enemies this would affect, really read the scroll of fear?
Okay, then.
Aiming: Bolt of Light
Press: ? - help, Q - select action, (/) - cycle Shift-Dir - straight line The bolt of light hits something!
Something completely misses you. Something hits you but does no damage.
Something stings you but does no damage.
As you read the scroll of teleportation, it crumbles to dust.
You feel strangely unstable. Something hits you but does no damage.
Something hits you.
* * * LOW HITPOINT WARNING * * *
You feel weakened.
Something stings you but does no damage.
You thump something! You headbutt something. Something hits you.
* * * LOW HITPOINT WARNING * * *
Something hits you but does no damage. Something stings you!
* * * LOW HITPOINT WARNING * * *
You feel clumsy.
You feel better.
Something hits you but does no damage. x2
Something stings you.
* * * LOW HITPOINT WARNING * * *
You feel better. Something hits you!
* * * LOW HITPOINT WARNING * * *
Something hits you.
* * * LOW HITPOINT WARNING * * *
You feel dopey. Something stings you!
You die...

.#...#.##....#
....#..^....###
#...#........^#
...##..#^<.#.### .
..........#..^## ..#
#..##?.........#
.^..###.....###....###
......#...^##...##..#
(....({@.###..^.....#
.#..##)..#.........###
(. #....†...........#
##.....#...#....##
###.###..##.#.## ###
#.####### ###


There were no monsters in sight!

Vanquished Creatures
  A hydra (Lair:1)
  A boulder beetle (D:11)
  Erolcha (D:9)
  Harold (D:9)
  A steelbarb worm (Spider:1)
  2 wolf spiders
  A manticore (D:7)
  A torpor snail (Lair:1)
  5 cane toads
  A demonic crawler (Spider:1)
  A komodo dragon (Lair:1)
  4 trolls
  3 meliai (Spider:2)
  2 polar bears (D:10)
  2 tarantellas
  5 blink frogs (Lair:1)
  A jumping spider (Spider:1)
  A shadow (D:9)
  23 yaks
  A wraith (D:9)
  3 wyverns
  2 basilisks (Lair:1)
  Grum (Lair:1)
  4 water moccasins
  A swamp drake (D:9)
  2 orc warriors
  2 ice beasts
  A sky beast (D:7)
  A centaur (D:9)
  5 ogres
  A phantom (D:6)
  6 wolves (Lair:1)
  A kobold brigand (D:10)
  6 bullfrogs
  2 necrophages (D:8)
  8 scorpions
  2 gnoll sergeants
  16 wights
  6 killer bees (D:9)
  An electric eel (D:9)
  4 howler monkeys
  2 hounds
  5 orc priests
  2 jellies
  Crazy Yiuf (D:2)
  4 iguanas
  6 orc wizards
  Robin (D:2)
  18 gnolls
  6 adders
  2 shadow imps (D:6)
  5 worms
  11 dart slugs
  38 orcs
  7 endoplasms
  5 giant cockroaches
  19 goblins
  9 hobgoblins
  9 jackals
  5 quokkas
  6 ball pythons
  2 bats
  3 frilled lizards
  12 kobolds
  3 rats
314 creatures vanquished.

Vanquished Creatures (others)
  5 fungi (Lair:1)
  2 plants (Lair:1)
7 creatures vanquished.

Grand Total: 321 creatures vanquished

Notes
Turn   | Place    | Note
-------+----------+-------------------------------------------
     0 | D:1      | gelatine the Minotaur Fighter began the quest for the Orb.
     0 | D:1      | Reached XP level 1. HP: 19/19 MP: 0/0
   223 | D:1      | Reached XP level 2. HP: 22/27 MP: 1/1
   986 | D:2      | Reached skill level 4 in Armour
  1006 | D:2      | Noticed Robin
  1011 | D:2      | Reached skill level 1 in Dodging
  1011 | D:2      | Reached XP level 3. HP: 19/33 MP: 2/2
  1027 | D:2      | HP: 1/33 [Robin/+0 dagger (1)]
  1028 | D:2      | Killed Robin
  1403 | D:2      | Reached XP level 4. HP: 38/40 MP: 3/3
  2342 | D:2      | Found a runed translucent door.
  2343 | D:2      | Noticed Crazy Yiuf
  2355 | D:2      | Killed Crazy Yiuf
  3093 | D:3      | Reached XP level 5. HP: 33/47 MP: 4/4
  3308 | D:3      | Found a faded altar of an unknown god.
  3813 | D:4      | Noticed a +0 dagger
  3813 | D:4      | Noticed a +0 hand axe
  3813 | D:4      | Found a hide-covered altar of Uskayaw.
  3855 | D:4      | Got the Discourse on Hot Vapour
  4037 | D:4      | Reached skill level 5 in Armour
  4110 | D:4      | Reached XP level 6. HP: 53/53 MP: 5/5
  4157 | D:4      | Found a hazy altar of Hepliaklqana.
  4227 | D:4      | Found a broken altar of Ashenzari.
  4633 | D:5      | Entered Level 5 of the Dungeon
  4656 | D:5      | Reached skill level 5 in Fighting
  4884 | D:5      | Reached skill level 5 in Shields
  5053 | D:5      | Reached skill level 5 in Axes
  5053 | D:5      | Reached XP level 7. HP: 59/61 MP: 6/6
  5125 | D:5      | Reached skill level 6 in Armour
  5897 | D:5      | Found a sparkling altar of Nemelex Xobeh.
  6046 | D:6      | Found the +6 shillelagh "Devastator" {shatter}
  6068 | D:6      | Reached skill level 1 in Throwing
  6070 | D:6      | Reached XP level 8. HP: 70/70 MP: 7/7
  6142 | D:6      | Identified the +9 dagger "Syclypua" {pain, rPois Will++
                  | Int-4 Stlth+}
  6156 | D:6      | Found an iron altar of Okawaru.
  6172 | D:6      | Reached skill level 7 in Armour
  6476 | D:6      | Found a glowing golden altar of the Shining One.
  6562 | D:6      | Reached skill level 8 in Armour
  6766 | D:7      | Identified the +1 pair of gloves of Riemobli {-Cast rF+ rN+
                  | Regen+}
  6841 | D:7      | Reached skill level 1 in Maces & Flails
  6900 | D:7      | You fall into a shaft and drop 2 floors!
  6902 | D:9      | Noticed Erolcha
  6911 | D:9      | Noticed a troll
  6914 | D:9      | Killed Erolcha
  6915 | D:9      | Reached skill level 9 in Armour
  6915 | D:9      | Reached XP level 9. HP: 78/78 MP: 8/8
  6917 | D:9      | Killed a troll
  6975 | D:9      | Noticed Harold
  6982 | D:9      | Killed Harold
  6983 | D:9      | Reached skill level 5 in Dodging
  6983 | D:9      | Reached skill level 1 in Stealth
  6997 | D:9      | Reached skill level 10 in Armour
  7047 | D:9      | Reached XP level 10. HP: 81/86 MP: 9/9
  7065 | D:9      | Found a staircase to the Lair.
  7575 | D:9      | Found a staircase to the Orcish Mines.
  7891 | D:8      | Found a snail-covered altar of Cheibriados.
  7891 | D:8      | Found a stormy altar of Qazlal.
  7896 | D:8      | Found a burning altar of Makhleb.
  7899 | D:8      | Found a shimmering blue altar of Sif Muna.
  7902 | D:8      | Found a glowing silver altar of Zin.
  7917 | D:8      | Found an opulent altar of Gozag.
  7931 | D:8      | Reached skill level 5 in Maces & Flails
  7965 | D:8      | Found a shimmering altar of Xom.
  7965 | D:8      | Found a shimmering altar of Xom.
  7965 | D:8      | Found a shimmering altar of Xom.
  7966 | D:8      | Found a shimmering altar of Xom.
  7966 | D:8      | Found a shimmering altar of Xom.
  7966 | D:8      | Found a shimmering altar of Xom.
  7973 | D:8      | Found a shimmering altar of Xom.
  7973 | D:8      | Found a shimmering altar of Xom.
  7973 | D:8      | Found a shimmering altar of Xom.
  7974 | D:8      | Found a shimmering altar of Xom.
  7976 | D:8      | Found a shimmering altar of Xom.
  8497 | D:8      | Reached skill level 11 in Armour
  9168 | D:7      | Found a basalt altar of Yredelemnul.
  9199 | D:7      | Noticed a manticore
  9215 | D:7      | Killed a manticore
  9396 | D:7      | Found Bine's Antique Weapon Shop.
  9561 | D:7      | Found a staircase to the Ecumenical Temple.
 10003 | D:10     | Entered Level 10 of the Dungeon
 10140 | D:10     | Found a bloodstained altar of Trog.
 10249 | D:10     | Reached XP level 11. HP: 88/95 MP: 10/10
 10424 | D:10     | Noticed an orange crystal statue
 10792 | D:11     | Noticed a boulder beetle
 10792 | D:11     | Noticed a boulder beetle
 10795 | D:11     | Noticed a two-headed ogre
 10813 | D:11     | Killed a boulder beetle
 10961 | Lair:1   | Entered Level 1 of the Lair of Beasts
 10961 | Lair:1   | Noticed a five-headed hydra
 10966 | Lair:1   | Killed a five-headed hydra
 11056 | Lair:1   | Reached skill level 12 in Armour
 11119 | Lair:1   | Reached skill level 10 in Fighting
 11386 | Lair:1   | Noticed Grum
 11394 | Lair:1   | Reached skill level 10 in Maces & Flails
 11401 | Lair:1   | Killed Grum
 11853 | Lair:2   | Found a hole to the Spider Nest.
 11859 | Lair:2   | Reached XP level 12. HP: 110/110 MP: 11/11
 12778 | Spider:1 | Entered Level 1 of the Spider Nest
 13246 | Spider:2 | Reached skill level 13 in Armour
 13320 | Spider:2 | Slain by a ghost moth

Illustrated notes

Levels and vault maps discovered:
D:1:      saegor_arrival_simple_d, layout_loops_corners,
          amcnicky_mini_rare_corridor_liquid
D:2:      layout_basic, uniq_robin, uniq_crazy_yiuf_cottage
D:3:      layout_loops_corners, shapermc_ecumenical_altar_venn
D:4:      layout_loops_corners, dancing_weapons_uskayaw, ashenzari_altar_1,
          nicolae_overflow_crystal_walls, grunt_ministairs_1
D:5:      kennysheep_slugbush, layout_rooms, nemelex_dance_club_becter,
          minivault_1
D:6:      layout_loops_ring, mainiacjoe_overflow_tiny_flanked,
          old_standard_altar, dilly_guarded_unrand_devastator
D:7:      layout_layer_cave, kennysheep_mini_moat,
          minmay_temple_entry_enclosed_plants, nicolae_stop_n_shop_2
D:8:      layout_basic, xom_shifter_show, nicolae_overflow_hallway_of_the_gods
D:9:      layout_basic, lair_entry_dummy, erik_orc_1, solitary_fountain,
          nicolae_lava_and_water, uniq_erolcha, uniq_harold
D:10:     layout_irregular_city, trog_ov_bears_minmay, minmay_protected_statue
D:11:     layout_gridville
Lair:1:   layout_loops_ring, ldierk_geyser, chequers_serial_rivers_small_a,
          infiniplex_staircase_pool_2, grunt_megastairs_3, uniq_grum
Lair:2:   layout_cave_pods, nicolae_spider_entry_non_spiders, st_stairs_8,
          grunt_megastairs_4
Spider:1: layout_spider_delve
Spider:2: layout_spider_delve

Skill      XL: |  1  2  3  4  5  6  7  8  9 10 11 12 |
---------------+-------------------------------------+-----
Shields        | 4 5 6 7 8 9 |  9.3
Armour         | 4 5 6 9 10 11 12 13 | 13.1
Dodging        | 1 2 3 4 5 6 |  6.7
Axes           | 3 4 5 6 7 |  7.0
Fighting       | 4 5 6 7 8 11 12 | 12.0
Throwing       | 1 2 3 4 |  4.5
Maces & Flails | 2 4 7 10 | 10.8
Stealth        | 1 |  1.4
Evocations     | |  0.2

Action                   |  1- 3 |  4- 6 |  7- 9 | 10-12 || total
-------------------------+-------+-------+-------+-------++-------
Melee: War axe           |    69 |   135 |    64 |       ||   268
       Headbutt          |     9 |    18 |    16 |    56 ||    99
       Shillelagh        |       |       |    62 |   292 ||   354
Throw: Dart              |       |     7 |    18 |    42 ||    67
Evoke: Wand              |       |       |     1 |     1 ||     2
  Use: Scroll            |       |       |       |    12 ||    12
       Potion            |       |       |       |     2 ||     2
 Stab: Invisible         |       |       |     1 |       ||     1
Armor: Scale mail        |    30 |    61 |    51 |    15 ||   157
       Chain mail        |       |       |       |   163 ||   163
Dodge: Dodged            |    39 |    58 |    72 |   154 ||   323
Block: Buckler           |    17 |    35 |    28 |    61 ||   141
